 Dungeon Crawl Stone Soup version 0.21-a0-258-g4c0eb85 (webtiles) character file.

49 Jeffwins the Caller (level 3, 0/24 HPs)
             Began as a Mummy Summoner on Sept 7, 2017.
             Slain by an orc
             ... wielding a +0 trident
              (5 damage)
             ... on level 3 of the Dungeon.
             The game lasted 00:05:49 (3402 turns).

Jeffwins the Caller (Mummy Summoner)                Turns: 3402, Time: 00:05:50

Health: 0/24       AC:  4    Str: 11    XL:     3   Next: 51%
Magic:  2/8        EV: 11    Int: 15    God:
Gold:   67         SH:  0    Dex: 12    Spells: 3/9 levels left

rFire    x . .     SeeInvis .   q - +3 mace (crush)
rCold    + . .     Gourm    .   (no shield)
rNeg     + + +     Faith    .   a - +0 leather armour (curse)
rPois    ∞         Spirit   .   m - +0 helmet
rElec    .         Reflect  .   (no cloak)
rCorr    .         Harm     .   (no gloves)
MR       .....                  (no boots)
Stlth    +.........             (no amulet)
HPRegen  0.08/turn              (no ring)
MPRegen  0.11/turn              (no ring)

@: very slightly contaminated
A: no food or potions, fire vulnerability, cold resistance 1, negative energy
resistance 3, torment resistance, unbreathing
a: no special abilities


You were on level 3 of the Dungeon.
You were not hungry.

You visited 1 branch of the dungeon, and saw 3 of its levels.

You collected 67 gold pieces.

Inventory:

Hand Weapons
 d - a +0 club
 h - a +0 spear
 k - a +0 hunting sling
 o - a +0 flail
 q - a +3 mace of crushing (weapon)
Missiles
 e - 62 stones (quivered)
Armour
 a - a cursed +0 leather armour (worn)
 l - a +2 robe of magic resistance
 m - a +0 helmet (worn)
Scrolls
 c - a scroll of enchant armour
 j - 2 scrolls of identify
Books
 b - a book of Callings

   Spells                             Type                      Level
   a - Summon Small Mammal            Summoning                    1
   b - Call Imp                       Summoning                    2
   c - Call Canine Familiar           Summoning                    3
   d - Summon Guardian Golem          Hexes/Summoning              3
   e - Summon Lightning Spire         Summoning/Air                4
   f - Summon Ice Beast               Ice/Summoning                4


   Skills:
 - Level 1.5 Dodging
 - Level 1.5 Stealth
 + Level 3.5 Spellcasting
 * Level 4.0 Summonings


You had 3 spell levels left.
You knew the following spells:

 Your Spells              Type           Power        Failure   Level  Hunger
a - Summon Small Mammal   Summ           ##..         4%          1    N/A
b - Call Imp              Summ           ##......     7%          2    N/A
c - Call Canine Familiar  Summ           ##......     14%         3    N/A

Dungeon Overview and Level Annotations

Branches:
Dungeon (3/15)

Altars:
Trog


Innate Abilities, Weirdness & Mutations

You do not eat or drink.
Your flesh is vulnerable to fire.
You are immune to poison.
Your flesh is cold resistant. (rC+)
You are immune to negative energy. (rN+++)
You are immune to unholy pain and torment.
You can survive without breathing.


Message History

You kill the hobgoblin!
The orc hits you from afar with a trident.
The orc hits you from afar with a trident!
You are too injured to fight recklessly!
You are too injured to fight recklessly!
Casting: Call Canine Familiar
Confirm with . or Enter, or press ? or * to list all spells.
You miscast Call Canine Familiar.
You are very lightly contaminated with residual magic.
You feel a strange surge of energy!
The orc shouts!
The orc hits you from afar with a trident.
* * * LOW HITPOINT WARNING * * *
Casting: Call Canine Familiar
Confirm with . or Enter, or press ? or * to list all spells.
The orc barely misses you.
You barely miss the bat. The bat hits you but does no damage.
Your hound bites the orc but does no damage.
The orc hits you from afar with a trident.
You die...

#.##.####
##.......#
#........#
......>..##
#.........
#...o...#
#.......#
#.......##
##.....o.@####.
##.......hb...$...
#......<[..####...
#...##...### #..
#...# # #.#..
..>... ....####
.###.


You could see 2 orcs, a bat and a friendly hound.

Vanquished Creatures
  An ooze (D:2)
  A worm (D:2)
  A ball python (D:1)
  A bat (D:1)
  2 giant cockroaches (D:1)
  2 goblins
  3 hobgoblins
  3 jackals (D:2)
  3 frilled lizards (D:1)
  4 kobolds (D:1)
  4 rats
25 creatures vanquished.

Vanquished Creatures (collateral kills)
  A worm (D:2)
  A dart slug (D:1)
  A leopard gecko (D:2)
  A giant cockroach (D:1)
  2 goblins (D:2)
  A hobgoblin (D:1)
  3 jackals (D:2)
  A bat (D:1)
  A kobold (D:1)
  2 rats
14 creatures vanquished.

Grand Total: 39 creatures vanquished

Notes
Turn   | Place    | Note
-------+----------+-------------------------------------------
     0 | D:1      | Jeffwins the Mummy Summoner began the quest for the Orb.
     0 | D:1      | Reached XP level 1. HP: 13/13 MP: 4/4
   963 | D:1      | Reached XP level 2. HP: 15/19 MP: 6/6
   967 | D:1      | Learned a level 2 spell: Call Imp
  2046 | D:2      | Found a bloodstained altar of Trog.
  2519 | D:2      | Reached XP level 3. HP: 24/24 MP: 7/7
  2524 | D:2      | Learned a level 3 spell: Call Canine Familiar
  2834 | D:2      | Reached skill level 4 in Summonings
  3402 | D:3      | Slain by an orc

Vault maps used:
D:1:      scummos_arrival_simple_fountains
D:2:      kennysheep_minor_cross, minivault_24, lemuel_statue_altar

Skill      XL: |  1  2  3 |
---------------+----------+-----
Spellcasting   | 3 |  3.5
Summonings     | 4 |  4.0
Dodging        | |  1.5
Stealth        | |  1.5

Action                   || total
-------------------------++-------
Melee: Unarmed           ||    63
       Club              ||    22
       Spear             ||    37
       Mace              ||     4
 Fire: Hunting sling     ||    60
 Cast: Summon Small Mamm ||     7
       Call Imp          ||     4
       Call Canine Famil ||     5
  Use: Scroll            ||     6
 Stab: Sleeping          ||     1
Armor: Robe              ||    29
       Leather armour    ||     2
Dodge: Dodged            ||   107

Table legend:
 A = Spawn XP
 B = Non-spawn XP
 C = Spawn XP percentage of total XP
 D = Spawn monster count
 E = Non-spawn monster count
 F = Spawn count percentage of total count
 G = Total turns spent on level
                    A         B        C        D         E        F      G
               +---------+---------+-------+---------+---------+-------+---------
         Total |       0 |      70 |   0.0 |       0 |      39 |   0.0 |  3402
               +---------+---------+-------+---------+---------+-------+---------
           D:1 |       0 |      32 |   0.0 |       0 |      22 |   0.0 |  2012
           D:2 |       0 |      35 |   0.0 |       0 |      15 |   0.0 |  1379
           D:3 |       0 |       3 |   0.0 |       0 |       2 |   0.0 |    11
               +---------+---------+-------+---------+---------+-------+---------
